MLB
ARIZONA DIAMONDBACKS @ HOUSTON ASTROS
05/24/2042
 
TOP OF THE 1ST
Arizona Diamondbacks batting - Pitching for Houston Astros : RHP Jake Green
Pitching: RHP Jake Green
Batting: RHB Jim Williams 0-0: Called Strike
0-1: Ball
1-1: Ground out 4-3 (Groundball, 4, EV 85.6 MPH)
Batting: RHB Teklu Malawa 0-0: Ball
1-0: Foul Ball, location: 7LSF
1-1: Swinging Strike
1-2: Strikes out swinging
Batting: SHB Joe Harris 0-0: Called Strike
0-1: SINGLE (Line Drive, 8RS, EV 98.1 MPH)
Batting: RHB Lou Jones 0-0: Called Strike
0-1: Ball
1-1: Ball
2-1: Swinging Strike
2-2: Fly out, F3 (Popup, 3L, EV 62.5 MPH)
Top of the 1st over - 0 runs, 1 hit, 0 errors, 1 left on base; Arizona 0 - Houston 0
BOTTOM OF THE 1ST
Houston Astros batting - Pitching for Arizona Diamondbacks : LHP Walt Boyd
Pitching: LHP Walt Boyd
Batting: RHB Ethan Sutton 0-0: Called Strike
0-1: Called Strike
0-2: Strikes out looking
Batting: RHB Ted Valéncia 0-0: Ball
1-0: Ball
2-0: Swinging Strike
2-1: Ball
3-1: Foul Ball, location: 2F
3-2: Foul Ball, location: 23F
3-2: Strikes out swinging
Batting: RHB Adrián Juárez 0-0: Called Strike
0-1: Called Strike
0-2: Foul Ball, location: 25F
0-2: Foul Ball, location: 2F
0-2: Strikes out swinging
Bottom of the 1st over - 0 runs, 0 hits, 0 errors, 0 left on base; Arizona 0 - Houston 0
TOP OF THE 2ND
Arizona Diamondbacks batting - Pitching for Houston Astros : RHP Jake Green
Batting: LHB Sancho Morán 0-0: Called Strike
0-1: Ball
1-1: DOUBLE (Groundball, 3L, EV 96.9 MPH)
Batting: LHB Bob MacEachern 0-0: Ground out 1-3 (Groundball, 13S, EV 68.1 MPH)
Sancho Morán to third
Batting: RHB Orlando Gómes 0-0: Called Strike
0-1: DOUBLE (Flyball, 78D, EV 94.4 MPH)
Sancho Morán scores
Batting: LHB Cisco Silva 0-0: Ball
1-0: Ball
2-0: Fly out, F8 (Flyball, 8LM, EV 91.3 MPH)
Batting: RHB Eddie Fields 0-0: Fly out, F5 (Line Drive, 5, EV 73.8 MPH)
Top of the 2nd over - 1 run, 2 hits, 0 errors, 1 left on base; Arizona 1 - Houston 0
BOTTOM OF THE 2ND
Houston Astros batting - Pitching for Arizona Diamondbacks : LHP Walt Boyd
Batting: RHB José Mercado 0-0: Called Strike
0-1: Ball
1-1: Ball
2-1: Ball
3-1: Base on Balls
Batting: RHB Tim O'Kinsella 0-0: Ball
1-0: Ball
2-0: Ball
3-0: Base on Balls
José Mercado to second
Batting: LHB José Robles 0-0: Called Strike
0-1: Foul Ball, location: 25F
0-2: Ball
1-2: Ball
2-2: Ball
3-2: Fly out, F6 (Popup, 6M, EV 74.4 MPH)
Batting: RHB Cam Crouch 0-0: DOUBLE (Line Drive, 7LS, EV 99.4 MPH)
José Mercado scores
Tim O'Kinsella to third
Runner from 3rd tries for Home, SAFE, throw by LF to trailing runner, OUT at third! 7-3-5
Batting: RHB José Archuleta 0-0: Called Strike
0-1: Ball
1-1: Ball
2-1: SINGLE (Flyball, 6D, EV 93.1 MPH)
Batting: RHB António Garza 0-0: Ball
1-0: Ball
2-0: Fly out, F9 (Flyball, 9D, EV 100.0 MPH)
Bottom of the 2nd over - 2 runs, 2 hits, 0 errors, 1 left on base; Arizona 1 - Houston 2
TOP OF THE 3RD
Arizona Diamondbacks batting - Pitching for Houston Astros : RHP Jake Green
Batting: RHB Jim Williams 0-0: Foul Ball, location: 2F
0-1: SINGLE (Groundball, 6M, EV 98.1 MPH)
Batting: RHB Teklu Malawa 0-0: Sac Bunt to 15S - play at first, batter OUT! 1-3
Jim Williams to second
Batting: SHB Joe Harris 0-0: Foul Ball, location: 23F
0-1: Foul Ball, location: 5F
0-2: Strikes out swinging
Batting: RHB Lou Jones 0-0: Ball
1-0: Swinging Strike
1-1: Ball
2-1: SINGLE (Line Drive, 56D, EV 93.8 MPH)
Jim Williams to third
Runner from 3rd tries for Home, SAFE, throw by LF to home
Batting: LHB Sancho Morán 0-0: Called Strike
0-1: Ball
1-1: Foul Ball, location: 2F
1-2: Ball
2-2: Foul Ball, location: 7LMF
2-2: Foul Ball, location: 7LDF
2-2: Foul Ball, location: 3F
2-2: Foul Ball, location: 2F
2-2: Foul Ball, location: 2F
2-2: SINGLE (Line Drive, 4MD, EV 106.3 MPH)
Lou Jones to second
Lou Jones to third
Batting: LHB Bob MacEachern 0-0: Ball
1-0: Ball
2-0: 3-RUN HOME RUN (Line Drive, 9LD, EV 96.9 MPH), Distance : 375 ft
Batting: RHB Orlando Gómes 0-0: Ball
1-0: Ground out 6-3 (Groundball, 6, EV 88.1 MPH)
Top of the 3rd over - 4 runs, 4 hits, 0 errors, 0 left on base; Arizona 5 - Houston 2
BOTTOM OF THE 3RD
Houston Astros batting - Pitching for Arizona Diamondbacks : LHP Walt Boyd
Batting: RHB Ethan Sutton 0-0: Ball
1-0: Called Strike
1-1: SOLO HOME RUN (Flyball, 7D, EV 99.4 MPH), Distance : 393 ft
Batting: RHB Ted Valéncia 0-0: Called Strike
0-1: Foul Ball, location: 9LDF
0-2: Ball
1-2: Fly out, F8 (Flyball, 8RXD, EV 92.5 MPH)
Batting: RHB Adrián Juárez 0-0: Ball
1-0: Called Strike
1-1: Ball
2-1: Ball
3-1: Fly out, F8 (Flyball, 8LM, EV 90.6 MPH)
Batting: RHB José Mercado 0-0: Foul Ball, location: 23FF
0-1: Ball
1-1: Ball
2-1: Ball
3-1: Called Strike
3-2: Foul Ball, location: 5F
3-2: Base on Balls
Batting: RHB Tim O'Kinsella 0-0: Ball
1-0: Called Strike
1-1: Ball
2-1: Foul Ball, location: 2F
2-2: Ball
3-2: Base on Balls
José Mercado to second
Batting: LHB José Robles 0-0: Ball
1-0: Ball
2-0: Foul Ball, location: 7LDF
2-1: Ball
3-1: Base on Balls
José Mercado to third
Tim O'Kinsella to second
Batting: RHB Cam Crouch 0-0: Ball
1-0: Called Strike
1-1: Called Strike
1-2: Strikes out swinging
Bottom of the 3rd over - 1 run, 1 hit, 0 errors, 3 left on base; Arizona 5 - Houston 3
TOP OF THE 4TH
Arizona Diamondbacks batting - Pitching for Houston Astros : RHP Jake Green
Batting: LHB Cisco Silva 0-0: Ball
1-0: Ball
2-0: Ball
3-0: Base on Balls
Pitching: RHP Mike Flores
Batting: RHB Eddie Fields 0-0: Bunted foul
0-1: Bunted foul
0-2: Grounds into double play, 6-4-3 (Groundball, 6, EV 105.6 MPH)
Batting: RHB Jim Williams 0-0: Called Strike
0-1: Foul Ball, location: 2F
0-2: Ball
1-2: Foul Ball, location: 2F
1-2: Ball
2-2: Ball
3-2: Ground out 4-3 (Groundball, 4, EV 86.9 MPH)
Top of the 4th over - 0 runs, 0 hits, 0 errors, 0 left on base; Arizona 5 - Houston 3
BOTTOM OF THE 4TH
Houston Astros batting - Pitching for Arizona Diamondbacks : LHP Walt Boyd
Batting: RHB José Archuleta 0-0: Ball
1-0: Ball
2-0: Ball
3-0: Base on Balls
Batting: RHB António Garza 0-0: Bunted foul
0-1: Bunted foul
0-2: Ball
1-2: Ball
2-2: Grounds into double play, 4-6-3 (Groundball, 4M, EV 104.4 MPH)
Batting: RHB Ethan Sutton 0-0: Called Strike
0-1: Ball
1-1: Called Strike
1-2: Ball
2-2: Ball
3-2: Base on Balls
Batting: RHB Ted Valéncia 0-0: Called Strike
0-1: Ball
1-1: Foul Ball, location: 2F
1-2: Ball
2-2: Ball
3-2: Foul Ball, location: 2F
3-2: Foul Ball, location: 25F
3-2: DOUBLE (Line Drive, 7LS, EV 98.1 MPH)
Ethan Sutton to third
Ethan Sutton scores
Batting: RHB Adrián Juárez 0-0: Ground out 1-3 (Groundball, 13S, EV 68.1 MPH)
Bottom of the 4th over - 1 run, 1 hit, 0 errors, 1 left on base; Arizona 5 - Houston 4
TOP OF THE 5TH
Arizona Diamondbacks batting - Pitching for Houston Astros : RHP Mike Flores
Batting: RHB Teklu Malawa 0-0: SINGLE (Line Drive, 6M, EV 95.0 MPH)
Batting: SHB Joe Harris 0-0: Fly out, F8 (Flyball, 8RD, EV 105.0 MPH)
Batting: RHB Lou Jones 0-0: Called Strike
0-1: Swinging Strike
0-2: Ball
Teklu Malawa is caught stealing 2nd base 2-4
1-2: Foul Ball, location: 9LSF
1-2: Ball
2-2: Strikes out swinging
Top of the 5th over - 0 runs, 1 hit, 0 errors, 0 left on base; Arizona 5 - Houston 4
BOTTOM OF THE 5TH
Houston Astros batting - Pitching for Arizona Diamondbacks : LHP Walt Boyd
Batting: RHB José Mercado 0-0: Called Strike
0-1: Swinging Strike
0-2: Ball
1-2: Foul Ball, location: 5SF
1-2: Ball
2-2: Ball
3-2: Ground out 5-3 (Groundball, 56, EV 87.5 MPH)
Pitching: RHP António Alonzo
Batting: RHB Tim O'Kinsella 0-0: Hit by Pitch
Batting: LHB José Robles 0-0: Called Strike
0-1: Foul Ball, location: 2F
0-2: Ball
1-2: Ball
2-2: Fly out, F9 (Flyball, 9S, EV 91.9 MPH)
Batting: RHB Cam Crouch 0-0: Ball
1-0: Foul Ball, location: 3DF
1-1: Foul Ball, location: 5FF
1-2: Fly out, F8 (Flyball, 8LD, EV 101.9 MPH)
Bottom of the 5th over - 0 runs, 0 hits, 0 errors, 1 left on base; Arizona 5 - Houston 4
TOP OF THE 6TH
Arizona Diamondbacks batting - Pitching for Houston Astros : RHP Mike Flores
Batting: LHB Sancho Morán 0-0: Ball
1-0: Ball
2-0: Foul Ball, location: 2F
2-1: Foul Ball, location: 7LMF
2-2: Ball
3-2: Strikes out swinging
Batting: LHB Bob MacEachern 0-0: Ball
1-0: Swinging Strike
1-1: Ball
2-1: Called Strike
2-2: Ball
3-2: Base on Balls
Batting: RHB Orlando Gómes 0-0: Fly out, F7 (Line Drive, 78M, EV 90.6 MPH)
Batting: LHB Cisco Silva 0-0: Foul Ball, location: 2F
0-1: Fly out, F5 (Popup, 6S, EV 80.6 MPH)
Top of the 6th over - 0 runs, 0 hits, 0 errors, 1 left on base; Arizona 5 - Houston 4
BOTTOM OF THE 6TH
Houston Astros batting - Pitching for Arizona Diamondbacks : RHP António Alonzo
Batting: RHB José Archuleta 0-0: Foul Ball, location: 3DF
0-1: Ball
1-1: Ball
2-1: Foul Ball, location: 9LMF
2-2: Foul Ball, location: 5F
2-2: Reached on error, E4 (Groundball, 4M, EV 85.0 MPH)
Batting: RHB António Garza 0-0: Foul Ball, location: 9LMF
0-1: Grounds into double play, 6-4-3 (Groundball, 6, EV 80.6 MPH)
Batting: RHB Ethan Sutton 0-0: Ball
1-0: Foul Ball, location: 9LMF
1-1: Called Strike
1-2: Fly out, F8 (Flyball, 78M, EV 80.6 MPH)
Bottom of the 6th over - 0 runs, 0 hits, 1 error, 0 left on base; Arizona 5 - Houston 4
TOP OF THE 7TH
Arizona Diamondbacks batting - Pitching for Houston Astros : RHP Mike Flores
Batting: RHB Eddie Fields 0-0: Ball
1-0: Ground out 3-1 (Groundball, 34, EV 91.9 MPH)
Pitching: RHP Mal Lehman
Batting: RHB Jim Williams 0-0: Called Strike
0-1: Foul Ball, location: 23F
0-2: Foul Ball, location: 2F
0-2: Foul Ball, location: 2F
0-2: Ball
1-2: Foul Ball, location: 23F
1-2: Ball
2-2: Strikes out swinging
Batting: RHB Teklu Malawa 0-0: Called Strike
0-1: Ball
1-1: Ball
2-1: Ball
3-1: Foul Ball, location: 5FF
3-2: Foul Ball, location: 2F
3-2: Base on Balls
Batting: SHB Joe Harris 0-0: Foul Ball, location: 7LSF
0-1: Foul Ball, location: 3DF
0-2: Ball
1-2: Strikes out looking
Top of the 7th over - 0 runs, 0 hits, 0 errors, 1 left on base; Arizona 5 - Houston 4
BOTTOM OF THE 7TH
Houston Astros batting - Pitching for Arizona Diamondbacks : RHP António Alonzo
Batting: RHB Ted Valéncia 0-0: Called Strike
0-1: Foul Ball, location: 2F
0-2: Foul Ball, location: 2F
0-2: Strikes out swinging
Batting: RHB Adrián Juárez 0-0: Ground out 3-1 (Groundball, 34, EV 102.5 MPH)
Batting: RHB José Mercado 0-0: SINGLE (Groundball, 34D, EV 110.0 MPH)
Pinch Hitting: LHB Joe Rivera 0-0: Ball
1-0: Called Strike
1-1: Ball
2-1: Called Strike
2-2: Foul Ball, location: 2F
2-2: Foul Ball, location: 7LSF
2-2: Ball
3-2: Foul Ball, location: 2F
3-2: Foul Ball, location: 2F
3-2: Foul Ball, location: 3F
3-2: Base on Balls
José Mercado to second
Batting: LHB José Robles 0-0: Ball
1-0: Ball
2-0: Swinging Strike
2-1: Ball
3-1: Called Strike
3-2: Foul Ball, location: 5SF
3-2: DOUBLE (Line Drive, 78D, EV 105.6 MPH)
José Mercado scores
Joe Rivera to third
Joe Rivera scores
Batting: RHB Cam Crouch 0-0: Called Strike
0-1: Ball
1-1: Ball
2-1: Swinging Strike
2-2: Strikes out swinging
Bottom of the 7th over - 2 runs, 2 hits, 0 errors, 1 left on base; Arizona 5 - Houston 6
TOP OF THE 8TH
Arizona Diamondbacks batting - Pitching for Houston Astros : RHP Mal Lehman
Now at 1B: Ted Valéncia
Now at 2B: Manny Castillo
Now in LF: Ángelo Guzmán
Now in RF: José Archuleta
Batting: RHB Lou Jones 0-0: Ball
1-0: Ball
2-0: Called Strike
2-1: Foul Ball, location: 7LMFF
2-2: Ground out 6-3 (Groundball, 6, EV 100.6 MPH)
Batting: LHB Sancho Morán 0-0: Fly out, F8 (Flyball, 8LD, EV 96.9 MPH)
Batting: LHB Bob MacEachern 0-0: Ball
1-0: Foul Ball, location: 3FF
1-1: Called Strike
1-2: Foul Ball, location: 3F
1-2: DOUBLE (Line Drive, 78D, EV 106.3 MPH)
Pinch Hitting: LHB Tommy Rose 0-0: Ball
1-0: Ball
2-0: Called Strike
2-1: Swinging Strike
2-2: Ball
3-2: Base on Balls
Batting: LHB Cisco Silva 0-0: Ball
1-0: Foul Ball, location: 3SF
1-1: 3-RUN HOME RUN (Flyball, 8RXD, EV 110.0 MPH), Distance : 430 ft
Pitching: RHP Shinsui Nakamura
Batting: RHB Eddie Fields 0-0: Ball
1-0: Called Strike
1-1: Ball
2-1: Swinging Strike
2-2: Ball
3-2: Strikes out swinging
Top of the 8th over - 3 runs, 2 hits, 0 errors, 0 left on base; Arizona 8 - Houston 6
BOTTOM OF THE 8TH
Houston Astros batting - Pitching for Arizona Diamondbacks : RHP António Alonzo
Now at 2B: Esteban Ayala
Batting: RHB José Archuleta 0-0: Ball
1-0: SINGLE (Groundball, 34S, EV 73.8 MPH) (infield hit)
Batting: RHB António Garza 0-0: Ball
1-0: SINGLE (Groundball, 6M, EV 105.0 MPH)
José Archuleta to second
Batting: RHB Ethan Sutton 0-0: Foul Ball, location: 2F
0-1: Ball
1-1: Ball
2-1: Foul Ball, location: 5F
2-2: Ball
3-2: Foul Ball, location: 2F
3-2: Reached on error, E6 (Groundball, 6, EV 103.8 MPH)
José Archuleta to third
António Garza to second
Pitching: LHP Ronnie Lee
Batting: RHB Ted Valéncia 0-0: Called Strike
0-1: Foul Ball, location: 9LMF
0-2: Ball
1-2: Foul Ball, location: 3FF
1-2: Ball
2-2: Foul Ball, location: 2F
2-2: Ball
3-2: SINGLE (Groundball, 6, EV 110.0 MPH)
José Archuleta scores
António Garza to third
Ethan Sutton to second
Batting: RHB Adrián Juárez 0-0: Ball
1-0: Ball
2-0: Ball
3-0: Called Strike
3-1: Called Strike
3-2: SINGLE (Groundball, 6MD, EV 99.4 MPH)
António Garza scores
Ethan Sutton to third
Ted Valéncia to second
Batting: RHB José Mercado 0-0: Foul Ball, location: 25F
0-1: Foul Ball, location: 5FF
0-2: Ball
1-2: Foul Ball, location: 25F
1-2: Foul Ball, location: 5FF
1-2: GRAND SLAM HOME RUN (Line Drive, 7LD, EV 102.5 MPH), Distance : 370 ft
Pitching: RHP Augusto Alvarado
Batting: RHB Ángelo Guzmán 0-0: Called Strike
0-1: Ball
1-1: Swinging Strike
1-2: Ball
2-2: Ball
3-2: Base on Balls
Batting: RHB Manny Castillo 0-0: Ball
1-0: Fly out, F7 (Line Drive, 7, EV 93.8 MPH)
Batting: RHB Cam Crouch 0-0: Foul Ball, location: 2F
0-1: Foul Ball, location: 9LMF
0-2: Strikes out swinging
Batting: RHB José Archuleta 0-0: Called Strike
0-1: Ball
Ángelo Guzmán steals 2nd base
1-1: Ground out 5-3 (Groundball, 5, EV 101.3 MPH)
Bottom of the 8th over - 6 runs, 5 hits, 1 error, 1 left on base; Arizona 8 - Houston 12
TOP OF THE 9TH
Arizona Diamondbacks batting - Pitching for Houston Astros : RHP Shinsui Nakamura
Batting: RHB Jim Williams 0-0: Foul Ball, location: 7LMF
0-1: Foul Ball, location: 7LSF
0-2: Fly out, F3 (Popup, 3, EV 65.6 MPH)
Batting: RHB Teklu Malawa 0-0: Ball
1-0: Ball
2-0: Ball
3-0: Called Strike
3-1: Base on Balls
Batting: SHB Joe Harris 0-0: Ball
1-0: Called Strike
1-1: Called Strike
1-2: Ball
2-2: Strikes out swinging
Batting: RHB Lou Jones 0-0: Foul Ball, location: 2F
0-1: Foul Ball, location: 25FF
0-2: Fly out, F8 (Flyball, 8LS, EV 93.1 MPH)
Top of the 9th over - 0 runs, 0 hits, 0 errors, 1 left on base; Arizona 8 - Houston 12
Friday, May 3rd , 2024 - OOTP Baseball 24.10 Build 82